 Dungeon Crawl Stone Soup version 0.20.1-1-g8b1a95d (webtiles) character file.

26541 Jerry the Fencer (level 12, -5/91 HPs)
             Began as a Minotaur Chaos Knight on Oct 19, 2017.
             Slain by a water moccasin (10 damage)
             ... summoned by Xom
             ... on level 4 of the Lair of Beasts.
             The game lasted 00:55:41 (13396 turns).

Jerry the Fencer (Minotaur Chaos Knight)           Turns: 13396, Time: 00:55:41

Health: -5/91      AC:  0    Str: 21    XL:     12   Next: 99%
Magic:  11/11      EV: 18    Int:  9    God:    Xom [......]
Gold:   848        SH:  0    Dex: 17    Spells: 11/11 levels left

rFire    + + .     SeeInvis +   A - +11 plutonium sword {*Contam Stlth-}
rCold    + + +     Gourm    .   (shield currently unavailable)
rNeg     . . .     Faith    .   h - +0 chain mail {rC+}
rPois    +         Spirit   .   (helmet unavailable)
rElec    .         Reflect  .   (no cloak)
rCorr    .         Harm     .   H - +1 pair of gloves
MR       .....                  p - +0 pair of boots of Qoethru {Regen+ SInv}
Stlth    ..........             (no amulet)
Regen    0.7/turn               y - +2 ring of evasion
MPRegen  0.2/turn               F - ring "Nohoboxeke" {rPois rF+ rC+ Dex+4}

@: corroded
A: retaliatory headbutt, horns 3, molten scales 2, thin skeletal structure 1,
cold resistance 1, deformed body, fire resistance 1, screaming 2
a: Renounce Religion


You were on level 4 of the Lair of Beasts.
You worshipped Xom.
You were a very special plaything of Xom.
You were not hungry.

You visited 2 branches of the dungeon, and saw 15 of its levels.

You collected 848 gold pieces.

Inventory:

Hand Weapons
 A - the +11 plutonium sword (weapon) {*Contam Stlth-}
   (You found it on level 9 of the Dungeon)

   It causes magical contamination when unequipped.
   It makes you less stealthy.
Missiles
 d - 5 poisoned javelins (quivered)
Armour
 h - a +0 chain mail of cold resistance (worn)
 p - the +0 pair of boots of Qoethru (worn) {Regen+ SInv}
   (You found it on level 7 of the Dungeon)

   It lets you see invisible.
   It increases your rate of regeneration.
 H - a +1 pair of gloves (worn)
Jewellery
 y - a +2 ring of evasion (left hand)
 F - the ring "Nohoboxeke" (right hand) {rPois rF+ rC+ Dex+4}
   (Xom gifted it to you on level 8 of the Dungeon)

   [ring of protection from cold]

   It affects your dexterity (+4).
   It protects you from fire.
   It protects you from cold.
   It protects you from poison.
 I - an uncursed ring of flight
Wands
 b - a wand of acid (8/15)
 q - a wand of digging (14/24)
 z - a wand of disintegration (13/24)
 D - a wand of disintegration (4/24)
 G - a wand of flame (11/48)
 J - a wand of flame (18/48)
 L - a wand of iceblast (11/15)
 O - a wand of iceblast (5/15)
Scrolls
 f - 2 scrolls of fog
 k - 4 scrolls of remove curse
 m - 2 scrolls of fear
 r - 4 scrolls of teleportation
 t - 2 scrolls of enchant weapon
 x - 2 scrolls of amnesia
 B - a scroll of vulnerability {unknown}
 E - 2 scrolls of immolation
 M - a scroll of blinking {unknown}
 P - a scroll of magic mapping
Potions
 a - a potion of resistance
 e - 3 potions of mutation {unknown}
 i - a potion of brilliance {unknown}
 j - 6 potions of curing
 l - a potion of berserk rage {unknown}
 n - 2 potions of agility {unknown}
 o - a potion of invisibility
 s - a potion of might {unknown}
 u - 2 potions of flight {unknown}
 v - a potion of haste {unknown}
 C - 5 potions of heal wounds {unknown}
 K - 2 potions of lignification {unknown}
Comestibles
 c - 11 bread rations
 g - 3 royal jellies
 w - 11 meat rations
 Q - 3 fruits


   Skills:
 - Level 4.2 Fighting
 + Level 15.7 Long Blades
 + Level 15.2 Armour
 + Level 12.2 Dodging


You had 11 spell levels left.
You didn't know any spells.

Dungeon Overview and Level Annotations

Branches:
Dungeon (11/15)            Temple (0/1) D:7            Lair (4/6) D:9
  Swamp (0/4) Lair:3       Spider (0/4) Lair:3          Orc (0/2) D:10

Altars:
Ashenzari
Cheibriados
Elyvilon
Gozag
Nemelex Xobeh
Okawaru
Qazlal
Ru
Trog
Xom
Yredelemnul
Zin

Annotations:
D:4 mikkokoo's ghost, amateur MiBe


Innate Abilities, Weirdness & Mutations

You reflexively headbutt those who attack you in melee.
You have a pair of large horns on your head.
You are mostly covered in molten scales. (AC +3)
You have a somewhat thin skeletal structure. (Dex +2, Stealth)
Your flesh is cold resistant. (rC+)
Armour fits poorly on your strangely shaped body.
Your flesh is heat resistant. (rF+)
You sometimes yell uncontrollably at your foes.


Message History

Your headbutt misses the entropy weaver.
The entropy weaver is almost dead.
The entropy weaver hits you.
* * * LOW HITPOINT WARNING * * *
The entropy weaver hits you!
* * * LOW HITPOINT WARNING * * *
The entropy weaver closely misses you. The entropy weaver hits you.
* * * LOW HITPOINT WARNING * * *
You barely miss the entropy weaver.
You headbutt the entropy weaver, but do no damage.
The entropy weaver is almost dead. "Time to have some fun!"
The entropy weaver mumbles some strange words.
The entropic weave corrodes you!
You miss the water moccasin.
Your headbutt misses the water moccasin.
The entropy weaver gestures wildly while chanting.
The entropic weave corrodes you! The water moccasin bites you!
You die...
Xom howls with laughter!

#.#.##..P##..# ## #.#......÷÷.##
# #...#..###P## ..### #.. #
...####.#### a.#. .#..# ### #.##
### ##... ...####.#
#.P########## !..a ..??#....
#.P#..#P.#..# ###.a.###... #.###
#...........# #S###aa#..# ##.###
##..####..#.# #@#.##a†a# #..P#.
##.# #..#.# #Sars#'''## ##..##
#..# ##<..## ####.†....# ##.P##
##.## #.....# ##...#.###...#.
#..# #..P.## #.#####......#
##..# ##.#.##### #.#...........
#..## #....##.####....P......#.
#..#####......................##
##..#.#(##...##..##.##.#####.##


You could see an entropy weaver, an orb spider, 2 water moccasins and a
porcupine.

Vanquished Creatures
  An entropy weaver (Lair:4)
  3 hydras
  5 two-headed ogres
  The ghost of Diazepam the Jinx, a journeyman DEFE of Sif Muna (D:9)
  A queen ant (Lair:4)
  An unseen horror (D:10)
  A lindwurm (D:9)
  A manticore (Lair:3)
  3 black mambas
  3 centaur skeletons
  3 spiny frogs
  5 komodo dragons
  A troll (D:9)
  4 polar bears (Lair:1)
  2 jumping spiders (Lair:3)
  A raiju (Lair:1)
  4 blink frogs (Lair:4)
  4 hippogriffs
  A vampire (D:11)
  A redback (Lair:3)
  5 vampire mosquitoes (Lair:3)
  2 basilisks
  A hungry ghost (D:11)
  3 yaks (Lair:1)
  2 steam dragons
  11 soldier ants (Lair:4)
  Duvessa (D:4)
  8 porcupines
  4 black bears
  7 water moccasins
  2 orc warriors (D:10)
  An ice beast (D:8)
  2 sky beasts
  An eye of draining (D:10)
  A phantom (D:4)
  6 wolves
  3 ogres
  A tengu (D:11)
  9 centaurs
  6 crocodiles
  2 big kobolds (D:7)
  5 bullfrogs
  Dowan (D:4)
  A wyvern skeleton (D:11)
  3 scorpions
  8 killer bees
  4 howler monkeys
  4 crimson imps
  4 bullfrog zombies
  2 centaur zombies
  4 hounds
  4 jellies
  11 orc wizards
  4 orc priests
  A bullfrog skeleton (D:8)
  3 iguanas
  An iron imp (D:11)
  Ijyb (D:3)
  11 worker ants
  A killer bee zombie (D:10)
  2 hound skeletons
  3 worker ant zombies
  14 adders
  A shadow imp (D:7)
  An ooze (D:7)
  An adder skeleton (D:9)
  A worm (D:3)
  2 dart slugs (D:3)
  6 leopard geckos
  46 orcs
  9 bats
  6 giant cockroaches
  3 goblins
  3 hobgoblins
  8 jackals
  4 quokkas
  2 ball pythons
  10 frilled lizards
  10 kobolds
  A leopard gecko skeleton (D:5)
  20 rats
  A fungus (D:9)
351 creatures vanquished.

Vanquished Creatures (others)
  3 killer bees (D:7)
  A hound skeleton (D:7)
  An orc (D:5)
  3 fungi
  3 plants
11 creatures vanquished.

Grand Total: 362 creatures vanquished

Notes
Turn   | Place    | Note
-------+----------+-------------------------------------------
     0 | D:1      | Jerry the Minotaur Chaos Knight began the quest for the Orb.
     0 | D:1      | Reached XP level 1. HP: 19/19 MP: 0/0
    38 | D:1      | Reached XP level 2. HP: 27/27 MP: 1/1
   225 | D:1      | XOM: divination: magic mapping
   390 | D:2      | Found a bloodstained altar of Trog.
   398 | D:2      | Found a stormy altar of Qazlal.
   405 | D:2      | Found a snail-covered altar of Cheibriados.
   422 | D:2      | Found an opulent altar of Gozag.
   425 | D:2      | Found a glowing silver altar of Zin.
   501 | D:2      | Reached XP level 3. HP: 33/33 MP: 2/2
   525 | D:2      | Found a shimmering altar of Xom.
   541 | D:2      | XOM: silly message
   553 | D:2      | XOM: harmless Pois miscast
   962 | D:2      | Found a faded altar of an unknown god.
  1335 | D:3      | Reached XP level 4. HP: 34/40 MP: 3/3
  1426 | D:3      | Noticed Ijyb
  1434 | D:3      | Killed Ijyb
  1485 | D:3      | XOM: harmless Summ miscast
  1932 | D:3      | Reached XP level 5. HP: 46/46 MP: 4/4
  1939 | D:3      | XOM: summons 1 hostile shadow creature
  2009 | D:3      | XOM: 6-stop teleportation journey
  2130 | D:3      | XOM: mild Erth miscast
  2264 | D:2      | Found a sacrificial altar of Ru.
  2481 | D:4      | Noticed a phantom
  2525 | D:4      | Noticed mikkokoo's ghost (amateur MiBe)
  2581 | D:4      | XOM: swap monsters
  2603 | D:4      | XOM: summons friendly quasit
  2620 | D:4      | Killed a phantom
  2620 | D:4      | Reached skill level 5 in Long Blades
  2724 | D:3      | XOM: medium Ice miscast
  2826 | D:3      | XOM: noise
  2934 | D:4      | XOM: give mutations
  2934 | D:4      | Gained mutation: Your flesh is heat resistant. (rF+) [Xom's grace]
  2934 | D:4      | Gained mutation: You are partially covered in molten scales. (AC +2) [Xom's grace]
  2934 | D:4      | Gained mutation: Your spells are a little harder to cast, but a little more powerful. [Xom's grace]
  2950 | D:4      | Noticed Duvessa
  2951 | D:4      | Noticed Dowan
  2980 | D:4      | Killed Duvessa
  2980 | D:4      | Reached skill level 5 in Armour
  2980 | D:4      | Reached XP level 6. HP: 36/52 MP: 5/5
  2982 | D:4      | Killed Dowan
  3122 | D:4      | XOM: summons 3 hostile shadow creatures
  3254 | D:4      | XOM: scenery: create altars
  3359 | D:3      | XOM: divination: detect items
  3451 | D:4      | Found a white marble altar of Elyvilon.
  3454 | D:4      | Reached XP level 7. HP: 59/59 MP: 6/6
  3650 | D:5      | Entered Level 5 of the Dungeon
  4244 | D:5      | XOM: polymorph orc -> gnoll
  4261 | D:5      | XOM: give mutations
  4261 | D:5      | Gained mutation: You occasionally shout uncontrollably at your foes. [Xom's mischief]
  4261 | D:5      | Gained mutation: You have a pair of large horns on your head. [Xom's mischief]
  4261 | D:5      | Lost mutation: Your spells are a little harder to cast, but a little more powerful. [Xom's mischief]
  4261 | D:5      | Gained mutation: You sometimes yell uncontrollably at your foes. [Xom's mischief]
  4265 | D:5      | XOM: cast spell 'Summon Small Mammal'
  4297 | D:5      | XOM: mild Air miscast
  4301 | D:5      | XOM: polymorph gnoll -> scorpion
  4865 | D:6      | XOM: noise
  4875 | D:6      | Found a shattered altar of Ashenzari.
  4875 | D:6      | Found an iron altar of Okawaru.
  4875 | D:6      | XOM: 5-stop teleportation journey
  4876 | D:6      | XOM: swap monsters
  4897 | D:6      | Reached XP level 8. HP: 56/66 MP: 7/7
  5172 | D:6      | XOM: mild Air miscast
  5172 | D:6      | XOM: smoke on damage
  5369 | D:7      | Noticed a hippogriff
  5370 | D:7      | XOM: harmless Erth miscast
  5381 | D:6      | Killed a hippogriff
  5535 | D:7      | XOM: swap monsters
  5546 | D:7      | XOM: divination: magic mapping
  5674 | D:7      | Found a staircase to the Ecumenical Temple.
  5680 | D:7      | Noticed a hippogriff
  5694 | D:7      | XOM: god gift: 7 needles of confusion
  5696 | D:7      | Killed a hippogriff
  5700 | D:7      | Reached XP level 9. HP: 38/71 MP: 8/8
  6079 | D:7      | Reached skill level 10 in Long Blades
  6138 | D:7      | Reached skill level 10 in Armour
  6225 | D:7      | XOM: 1-stop teleportation journey
  6241 | D:7      | XOM: silly message
  6303 | D:7      | XOM: smoke on damage
  6367 | D:7      | XOM: god gift: 6 javelins of returning
  6376 | D:7      | XOM: divine lightning
  6389 | D:7      | Got a pair of jewelled boots
  6390 | D:7      | Identified the cursed +0 pair of boots of Qoethru {Regen+ SInv} (You found it on level 7 of the Dungeon)
  6595 | D:8      | Reached skill level 5 in Dodging
  6806 | D:8      | XOM: polymorph steam dragon -> wolf
  6808 | D:8      | XOM: confuse monster(s)
  7005 | D:8      | XOM: scenery: 1 doors close
  7158 | D:8      | Noticed a two-headed ogre
  7169 | D:8      | XOM: potion effect (agility)
  7171 | D:8      | XOM: enchant monster (good)
  7189 | D:8      | XOM: confuse monster(s)
  7190 | D:8      | XOM: scenery: 1 doors close
  7194 | D:8      | Killed a two-headed ogre
  7206 | D:8      | Reached XP level 10. HP: 75/79 MP: 9/9
  7439 | D:8      | XOM: god gift: coiled granite ring {god gift}
  7440 | D:8      | Got a coiled granite ring {god gift}
  7441 | D:8      | Identified the ring "Nohoboxeke" {rPois rF+ rC+ Dex+4} (Xom gifted it to you on level 8 of the Dungeon)
  7530 | D:9      | Noticed Diazepam's ghost (journeyman DEFE)
  7530 | D:9      | XOM: cast spell 'Call Canine Familiar'
  7561 | D:9      | Killed Diazepam's ghost
  7602 | D:9      | Noticed a two-headed ogre
  7610 | D:9      | Noticed a lindwurm
  7610 | D:9      | a two-headed ogre changed into a lindwurm
  7610 | D:9      | XOM: polymorph two-headed ogre -> lindwurm
  7611 | D:9      | XOM: summons friendly crimson imp
  7618 | D:9      | Killed a lindwurm
  7650 | D:9      | Found a staircase to the Lair.
  7682 | D:9      | XOM: enchant monster (bad)
  7875 | D:9      | Found a sparkling altar of Nemelex Xobeh.
  7879 | D:9      | Found a basalt altar of Yredelemnul.
  7884 | D:9      | Found an iron altar of Okawaru.
  7985 | D:9      | XOM: potion effect (might)
  8212 | D:9      | XOM: give mutation
  8212 | D:9      | Gained mutation: Armour fits poorly on your strangely shaped body. [Xom's mischief]
  8324 | D:10     | Entered Level 10 of the Dungeon
  8349 | D:10     | Noticed an unseen horror
  8351 | D:10     | Killed an unseen horror
  8359 | D:10     | Noticed a two-headed ogre
  8366 | D:10     | Killed a two-headed ogre
  8516 | D:10     | Found a staircase to the Orcish Mines.
  8518 | D:10     | XOM: enchant monster (good)
  8597 | D:10     | Reached XP level 11. HP: 84/84 MP: 4/10
  9103 | D:11     | Noticed a two-headed ogre
  9107 | D:11     | XOM: potion effect (brilliance)
  9110 | D:11     | Killed a two-headed ogre
  9212 | D:11     | XOM: divination: magic mapping
  9229 | D:11     | Noticed a two-headed ogre
  9236 | D:11     | Killed a two-headed ogre
  9401 | D:11     | Noticed a two-headed ogre
  9405 | D:11     | Killed a two-headed ogre
  9416 | D:11     | Found a basalt altar of Yredelemnul.
  9989 | D:9      | XOM: medium Chrm miscast
  9999 | Lair:1   | Entered Level 1 of the Lair of Beasts
 10000 | Lair:1   | XOM: mild Summ miscast
 10002 | Lair:1   | XOM: summons friendly crimson imp
 10046 | Lair:1   | Reached skill level 10 in Dodging
 10112 | Lair:1   | XOM: cloud trail
 10203 | Lair:1   | Noticed an eight-headed hydra
 10208 | Lair:1   | HP: 3/84 [ten-headed hydra (5)]
 10209 | Lair:1   | Killed an 11-headed hydra
 10218 | Lair:1   | Noticed an eight-headed hydra
 10347 | Lair:1   | XOM: noise
 10366 | Lair:1   | Reached XP level 12. HP: 84/91 MP: 11/11
 10416 | Lair:1   | XOM: cloud trail
 10658 | Lair:1   | Killed a ten-headed hydra
 10779 | Lair:1   | XOM: mild Erth miscast
 10865 | Lair:1   | XOM: divination: detect items
 11226 | Lair:2   | XOM: scenery: 1 doors open
 11607 | Lair:2   | XOM: give mutations
 11607 | Lair:2   | Gained mutation: Your flesh is cold resistant. (rC+) [Xom's grace]
 11607 | Lair:2   | Gained mutation: You have a somewhat thin skeletal structure. (Dex +2, Stealth) [Xom's grace]
 11607 | Lair:2   | Gained mutation: You are mostly covered in molten scales. (AC +3) [Xom's grace]
 11622 | Lair:2   | XOM: god gift: 25 gold pieces
 11868 | Lair:3   | XOM: scenery: create altars
 11871 | Lair:3   | XOM: destruction
 11875 | Lair:3   | XOM: destruction
 11917 | Lair:3   | Found a hole to the Spider Nest.
 11917 | Lair:3   | XOM: 1-stop teleportation journey
 11925 | Lair:3   | XOM: chaos cloud
 11931 | Lair:3   | Reached skill level 15 in Long Blades
 11937 | Lair:3   | XOM: 8-stop teleportation journey
 12346 | Lair:3   | Found a staircase to the Swamp.
 12897 | Lair:4   | Noticed a five-headed hydra
 12900 | Lair:4   | Killed a seven-headed hydra
 13139 | Lair:4   | XOM: mild Chrm miscast
 13317 | Lair:4   | XOM: harmless Conj miscast
 13331 | Lair:4   | Noticed a queen ant
 13337 | Lair:4   | Killed a queen ant
 13337 | Lair:4   | Reached skill level 15 in Armour
 13357 | Lair:4   | Noticed an entropy weaver
 13376 | Lair:4   | Killed an entropy weaver
 13382 | Lair:4   | Noticed an entropy weaver
 13394 | Lair:4   | HP: 4/91 [entropy weaver (3)]
 13395 | Lair:4   | XOM: summons 3 hostile shadow creatures
 13396 | Lair:4   | Slain by a water moccasin

Skill      XL: |  1  2  3  4  5  6  7  8  9 10 11 12 |
---------------+-------------------------------------+-----
Armour         | 3 4 5 7 9 11 12 13 15 | 15.2
Fighting       | 4 |  4.2
Long Blades    | 4 5 6 7 9 11 12 14 15 | 15.7
Dodging        | 2 3 4 6 8 10 12 | 12.2

Action                   |  1- 3 |  4- 6 |  7- 9 | 10-12 || total
-------------------------+-------+-------+-------+-------++-------
Melee: Falchion          |    76 |   128 |   263 |    54 ||   521
       Headbutt          |    11 |    27 |    69 |    85 ||   192
       Triple sword      |       |       |       |   283 ||   283
Throw: Javelin           |       |       |       |     4 ||     4
  Use: Scroll            |       |     6 |     6 |    10 ||    22
       Potion            |       |       |       |     1 ||     1
 Stab: Petrifying        |       |     2 |     3 |     2 ||     7
       Confused          |       |     1 |     1 |     1 ||     3
       Petrified         |       |       |       |     3 ||     3
       Invisible         |       |       |       |     6 ||     6
       Distracted        |       |       |       |     1 ||     1
       Paralysed         |       |       |       |     1 ||     1
  Eat: Chunk             |     1 |     4 |    10 |    14 ||    29
       Meat ration       |       |     1 |       |       ||     1
       Royal jelly       |       |       |       |     4 ||     4
Armor: Leather armour    |    25 |    53 |     1 |       ||    79
       Chain mail        |       |       |   111 |    61 ||   172
       Ring mail         |       |       |    13 |    37 ||    50
       Steam dragon scal |       |       |       |    25 ||    25
Dodge: Dodged            |    64 |    79 |   144 |   397 ||   684
       Rpst.: Falchion   |    12 |    28 |    31 |     8 ||    79
       Triple sword      |       |       |       |    91 ||    91
